 Dungeon Crawl Stone Soup version 0.17-a0-1409-ge6d9485 (webtiles) character file.

70 urechis the Poker (level 4, -5/33 HPs)
             Began as a Merfolk Skald on June 22, 2015.
             Killed from afar by a kobold (6 damage)
             ... with a wand of flame
             ... on level 3 of the Dungeon.
             The game lasted 00:04:57 (1876 turns).

urechis the Poker (Merfolk Skald)                   Turns: 1876, Time: 00:04:57

Health: -5/33      AC:  3    Str: 18    XL:     4   Next: 21%
Magic:  7/7        EV: 11    Int: 11    God:
Gold:   143        SH:  0    Dex: 14    Spells: 1 memorised, 6 levels left

rFire  . . .     SeeInvis .     a - +0 spear
rCold  . . .     Clarity  +     b - +0 leather armour
rNeg   . . .     SustAt   .     (no shield)
rPois  .         Gourm    .     (no helmet)
rElec  .         Spirit   .     (no cloak)
rCorr  .         Warding  .     (no gloves)
rMut   .         Stasis   .     (no boots)
MR     .....                    p - amulet of clarity
Stlth  +.........               (no ring)
                                t - +6 ring of strength

@: hasted, very quick, not resistant to hostile enchantments, very unstealthy
A: change form in water, swift swim
a: no special abilities


You were on level 3 of the Dungeon.
You were not hungry.

You visited 1 branch of the dungeon, and saw 3 of its levels.

You collected 143 gold pieces.

Inventory:

Hand weapons
 a - a +0 spear (weapon)
Armour
 b - a +0 leather armour (worn)
Jewellery
 p - an amulet of clarity (around neck)
 t - a +6 ring of strength (left hand)
Scrolls
 h - a scroll of noise {unknown}
 l - a scroll of teleportation {unknown}
 m - a scroll of magic mapping {unknown}
 n - a scroll of recharging {unknown}
 o - a scroll of identify {unknown}
Potions
 e - a potion of curing {unknown}
 f - a potion of beneficial mutation {unknown}
 k - a potion of lignification {unknown}
 r - 2 potions of brilliance {unknown}
 s - a potion of berserk rage {unknown}
Books
 c - a book of Battle

   Spells                             Type                      Level
   a - Infusion                       Charms                       1
   b - Shroud of Golubria             Charms/Translocation         2
   c - Song of Slaying                Charms                       2
   d - Spectral Weapon                Hexes/Charms                 3
   e - Regeneration                   Charms/Necromancy            3
Comestibles
 d - 4 bread rations
 g - 2 beef jerkies
 i - a meat ration
 j - a slice of pizza
 u - 3 fruits


   Skills:
 - Level 2.1 Fighting
 + Level 6.3 Polearms
 - Level 0.6 Armour
 - Level 1.3 Dodging
 - Level 2.0 Spellcasting
 - Level 3.2 Charms


You had 6 spell levels left.
You knew the following spells:

 Your Spells              Type           Power        Failure   Level  Hunger
a - Infusion              Chrm           #.....       12%         1    ##.....


Dungeon Overview and Level Annotations

Branches:
Dungeon (3/15)

Altars:
Gozag


Message History

Things that are here:
a dagger; a goblin corpse The giant gecko is too close now for your liking.
There is a stone staircase leading down here.
A kobold comes into view. It is wielding a dagger.
The kobold shouts!
You hit the giant gecko.
You kill the giant gecko!
The kobold zaps a wand.
The puff of flame hits you!
It is a wand of flame.
There is a stone staircase leading up, spattered with blood here.
You see here a giant gecko corpse.
The kobold zaps a wand.
The puff of flame hits you!
The kobold zaps a wand.
The puff of flame hits you!
* * * LOW HITPOINT WARNING * * *
You are too injured to fight recklessly!
A kobold is nearby!
Drink which item? (? for menu, Esc to quit)
It was a potion of haste.
You feel yourself speed up.
The kobold zaps a wand.
The puff of flame hits you!
You die...

.รท##.#...# #.# .#
..##..##.# #)# #.#
.####..#.###.###.##..
. ###
#..............# ..
..#
#.##...#>##.##....#
..# .####.#..#.# ..
..# #..#<#.##.# ###
##........## #
##...@....# #
#.........# #
##....K..## ######
.........# .....
...........# ..######
...........# <......#
.######..... ######..
....##.


You could see a kobold.

Vanquished Creatures
  2 oozes
  2 worms (D:2)
  2 giant geckos
  A ball python (D:2)
  3 giant cockroaches
  8 goblins
  6 hobgoblins
  2 jackals (D:3)
  8 bats
  2 giant newts (D:1)
  7 kobolds
  11 rats
54 creatures vanquished.

Notes
Turn   | Place    | Note
--------------------------------------------------------------
     0 | D:1      | urechis the Merfolk Skald began the quest for the Orb.
     0 | D:1      | Reached XP level 1. HP: 16/16 MP: 3/3
   252 | D:1      | Reached skill level 4 in Polearms
   252 | D:1      | Reached XP level 2. HP: 13/22 MP: 5/5
   905 | D:1      | Reached XP level 3. HP: 27/27 MP: 6/6
   923 | D:1      | Reached skill level 5 in Polearms
  1163 | D:2      | Found an opulent altar of Gozag.
  1519 | D:2      | Reached skill level 6 in Polearms
  1679 | D:3      | Reached XP level 4. HP: 33/33 MP: 7/7
  1875 | D:3      | HP: 1/33 [kobold/wand of flame (11)]
  1876 | D:3      | Killed from afar by a kobold

Vault maps used:
D:1:      minmay_arrival_arboretum_large
D:2:      nicolae_gozag_seed_capital, first_bread
D:3:      nemelex_xobeh_ov_fountains_minmay, uniq_robin

Action                   |  1- 3 |  4- 6 || total
-------------------------+-------+-------++-------
Melee: Spear             |   198 |    31 ||   229
 Cast: Infusion          |     1 |       ||     1
  Use: Potion            |       |     1 ||     1
 Stab: Sleeping          |     1 |       ||     1
  Eat: Chunk             |     2 |     1 ||     3
